 Dungeon Crawl Stone Soup version 0.28.0-43-g3370ac3207 (webtiles) character file.

Game seed: 12234871877004985192

111 Atelerd the Digger (level 4, 0/40 HPs)
             Began as an Octopode Earth Elementalist on Mar 19, 2022.
             Slain by a goblin
             ... wielding a +0 dagger
             ... led by Robin
              (1 damage)
             ... on level 3 of the Dungeon.
             The game lasted 00:03:01 (2981 turns).

Atelerd the Digger (Octopode Earth Elementalist)    Turns: 2981, Time: 00:03:03

Health: 0/40       AC:  1    Str: 11 (13) XL:     4   Next: 92%
Magic:  4/8        EV: 13    Int: 16 (19) God:
Gold:   21         SH:  0    Dex: 10 (12) Spells: 7/8 levels left

rFire   . . .      SeeInvis .   a - +0 short sword
rCold   . . .      Faith    .   (no shield)
rNeg    . . .      Spirit   .   (helmet restricted)
rPois   .          Reflect  .   (no amulet)
rElec   .          Harm     .   g - +6 ring of strength
rCorr   .          Rampage  .   (no ring)
Will    .....                   (no ring)
Stlth   ..........              (no ring)
HPRegen 0.13/turn               (no ring)
MPRegen 0.11/turn               (no ring)
                                (no ring)
                                (no ring)

@: berserking, very quick
A: almost no armour, amphibious, 8 rings, camouflage 1, gelatinous body 1,
(nimble swimmer 1), tentacles
a: no special abilities


You were on level 3 of the Dungeon.
You visited 1 branch of the dungeon, and saw 3 of its levels.

You collected 43 gold pieces.
You spent 22 gold pieces at shops.

Inventory:

Hand Weapons
 a - a +0 short sword (weapon)
Missiles
 b - 103 stones
Jewellery
 g - a +6 ring of strength (left tentacle)
Scrolls
 d - 4 scrolls of identify {unknown}
 h - a scroll of enchant weapon {unknown}
Potions
 f - a potion of haste {unknown}


   Skills:
 + Level 0.7 Fighting
 + Level 2.2 Short Blades
 - Level 2.0 Dodging
 - Level 2.6 Stealth
 + Level 0.1 Unarmed Combat
 + Level 2.6 Spellcasting
 + Level 1.0 Transmutations
 + Level 4.1 Earth Magic


You had 7 spell levels left.
You knew the following spells:

 Your Spells              Type           Power      Damage    Failure   Level
a - Sandblast             Erth           30%        2d9       3%          1

Your spell library contained the following spells:

 Spells                   Type           Power      Damage    Failure   Level
 Passwall                 Tmut/Erth      8%         N/A       10%         2
 Stone Arrow              Conj/Erth      16%        3d8       24%         3
 Gell's Gravitas          Tloc           2%         N/A       50%         3
 Lesser Beckoning         Tloc           2%         N/A       50%         3
 Teleport Other           Tloc           2%         N/A       50%         3
 Petrify                  Tmut/Erth      10%        N/A       54%         4


Dungeon Overview and Level Annotations

Branches:
Dungeon (3/15)

Altars:
Wu Jian

Shops:
D:2 *

Annotations:
D:3 Robin


Innate Abilities, Weirdness & Mutations

You cannot wear most types of armour.
You are amphibious.
You can wear up to eight rings at the same time.
Your skin changes colour to match your surroundings (Stealth+).
Your rubbery body absorbs attacks. (AC +1, EV +1)
((You are camouflaged when in or above water. (Stealth+)))
You have tentacles for arms and can constrict up to eight enemies at once.


Message History

The blast of sand misses the goblin.
The goblin hits you with a +0 dagger. The goblin barely misses you.
Unknown command.
Casting: Sandblast (safe; 3% risk of failure)
Confirm with . or Enter, or press ? or * to list all spells.
Aiming: Sandblast (safe; 3% risk of failure)
Press: ? - help, Shift-Dir - straight line, f/p - goblin
Aim: a goblin, wielding a +0 dagger and quivering stones (heavily wounded, strong, 74% to hit)
The blast of sand misses the goblin.
Robin says, "Bow before me, strongest of all the hobgoblins!"
The goblin hits you with a +0 dagger.
* * * LOW HITPOINT WARNING * * *
The goblin closely misses you.
Unknown command.
Casting: Sandblast (safe; 3% risk of failure)
Confirm with . or Enter, or press ? or * to list all spells.
Aiming: Sandblast (safe; 3% risk of failure)
Press: ? - help, Shift-Dir - straight line, f/p - goblin
Aim: a goblin, wielding a +0 dagger and quivering stones (heavily wounded, strong, 74% to hit)
The blast of sand hits the goblin!
You kill the goblin!
The goblin hits you with a +0 dagger.
* * * LOW HITPOINT WARNING * * *
Unknown command.
Okay, then.
Things that are here:
a +0 dagger; a +0 hunting sling; 20 stones Robin throws the goblin at you!
The goblin misses you.
It was a potion of degeneration.
There was something very wrong with that liquid.
You feel weakened.
You feel dopey.
You feel clumsy. The goblin hits you with a +0 dagger.
* * * LOW HITPOINT WARNING * * *
It was a potion of berserk rage.
A red film seems to cover your vision as you go berserk!
You feel yourself moving faster!
You feel mighty! The goblin hits you with a +0 dagger.
* * * LOW HITPOINT WARNING * * *
The goblin hits you with a +0 dagger.
You die...

.# # .# ### ##. .#
... ... . .#
#g###.##.# .#
#........## .#
###g....... ##
###.g...##.## .###
###gg###.....#
#..#############@g###
..##.#
###..#.......#.g###
..# ..
..##.'..⌠8⌠..'.## ..#
. ###..#.......#..#
...
#..#############..#
<.## .### ##..# ## #.


You could see Robin, a hobgoblin (strong) and 4 goblins.

Vanquished Creatures
  A hound skeleton (D:2)
  2 adders (D:2)
  An adder zombie (D:2)
  An adder skeleton (D:2)
  2 worms (D:2)
  5 orcs (D:3)
  4 endoplasms
  5 giant cockroaches
  5 goblins
  8 hobgoblins
  5 kobolds
  4 quokkas
  5 ball pythons
  A ball python skeleton (D:2)
  A bat (D:2)
  2 frilled lizards (D:1)
  A giant cockroach zombie (D:2)
  A quokka skeleton (D:2)
  A quokka zombie (D:2)
  7 rats
62 creatures vanquished.

Notes
Turn   | Place    | Note
-------+----------+-------------------------------------------
     0 | D:1      | Atelerd the Octopode Earth Elementalist began the quest for
                  | the Orb.
     0 | D:1      | Reached XP level 1. HP: 11/11 MP: 3/3
   195 | D:1      | Found a faded altar of an unknown god.
   230 | D:1      | Reached XP level 2. HP: 17/17 MP: 5/5
   929 | D:1      | Reached XP level 3. HP: 21/21 MP: 6/6
  1661 | D:2      | Reached skill level 1 in Short Blades
  1901 | D:2      | Found Zuade's Assorted Antiques.
  1906 | D:2      | Bought a scroll labelled NODEDI XIRAY for 22 gold pieces
  2146 | D:2      | Reached XP level 4. HP: 27/27 MP: 7/7
  2163 | D:2      | Reached skill level 4 in Earth Magic
  2504 | D:2      | Found an ornate altar of the Wu Jian Council.
  2969 | D:3      | Noticed Robin
  2981 | D:3      | HP: 1/40 [goblin/+0 dagger[Robin] (2)]
  2981 | D:3      | Slain by a goblin

Illustrated notes

Levels and vault maps discovered:
D:1:      lemuel_arrival_behind_the_door_large, layout_loops_ring,
          nicolae_ecumenical_snake_handling, kennysheep_decorative_pillar
D:2:      layout_loops_ring, serial_undead, serial_undead_d, serial_undead_d,
          serial_undead_e, serial_undead_a, basic_altar, serial_shops,
          nicolae_diamond_shop, grunt_decor_junction, nicolae_figureground_pulse
D:3:      layout_basic, grunt_decor_clamped, uniq_ijyb, uniq_robin,
          uniq_crazy_yiuf_cottage

Skill      XL: |  1  2  3  4 |
---------------+-------------+-----
Short Blades   | 1 2 |  2.2
Earth Magic    | 4 |  4.1
Fighting       | |  0.7
Dodging        | |  2.0
Stealth        | |  2.6
Unarmed Combat | |  0.1
Spellcasting   | |  2.6
Transmutations | |  1.0

Action                   |  1- 3 |  4- 6 || total
-------------------------+-------+-------++-------
Melee: Short sword       |    79 |    32 ||   111
       Unarmed           |     2 |       ||     2
       Constrict         |    20 |    10 ||    30
       Tentacles         |    16 |     6 ||    22
       Punch             |     1 |     1 ||     2
 Cast: Sandblast         |    10 |    13 ||    23
  Use: Potion            |       |     2 ||     2
 Stab: Sleeping          |     9 |     4 ||    13
Armor: Skin              |     4 |     5 ||     9
Dodge: Dodged            |    58 |    16 ||    74
